Map: King's Cove LE

Players

TIME (Oliveira) - Winner!

  • Race: Terran Terran
  • Spawn Location: 5:00

ShoWTimE

  • Race: Protoss Protoss
  • Spawn Location: 11:00

Event: 2019 WCS Summer

VOD

Have the link to the VOD?

Description

Time

  • Played on: July 14, 2019, 9:43 a.m.
  • Length: 7:36

All games in this series

Show
View Real Time Build Order
Export as new Build Order

TIME Terran - Winner!

Build Orders: Reaper Expand 

Get SALT Encoding   

  12  0:00  SCV  
  13  0:12  SCV  
  14  0:17  Supply Depot  
  14  0:25  SCV  
  15  0:39  Barracks, SCV  
  16  0:44  Refinery  
  16  0:51  SCV  
  17  1:03  SCV  
  18  1:15  SCV  
  19  1:27  Reaper  
  19  1:28  Orbital Command  
  20  1:44  Command Center  
  20  1:53  Supply Depot  
  20  1:55  SCV  
  20  2:00  Marine  
  22  2:07  SCV  
  23  2:11  Factory  
  23  2:18  Refinery  
  23  2:22  Barracks Reactor  
  23  2:23  SCV  
  24  2:31  Barracks  
  24  2:35  SCV  
  25  2:47  SCV  
  26  2:55  Widow Mine  
  26  2:57  Orbital Command  
  28  2:59  Starport  
  28  3:04  Marine  
  28  3:05  Marine  
  30  3:09  SCV  
  31  3:18  Widow Mine  
  33  3:22  SCV x2  
  33  3:23  Barracks Tech Lab  
  33  3:24  Marine  
  33  3:26  Marine  
  37  3:34  SCV  
  37  3:35  SCV  
  37  3:37  Medivac  
  37  3:40  Supply Depot  
  41  3:43  Widow Mine  
  43  3:49  SCV  
  43  3:51  Stimpack  
  43  3:52  Marine x2  
  46  3:56  Supply Depot  
  46  4:01  SCV x2  
  48  4:03  Marine  
  48  4:06  Factory Tech Lab  
  48  4:09  Marine  
  49  4:11  Supply Depot  
  49  4:15  Viking  
  49  4:16  Marine  
  53  4:20  SCV  
  53  4:21  Marine  
  53  4:23  SCV  
  56  4:26  Supply Depot  
  56  4:29  Marine  
  57  4:33  Liberator  
  57  4:34  Barracks  
  57  4:35  SCV  
  57  4:37  Marine, SCV  
  60  4:44  Engineering Bay  
  60  4:48  Refinery  
  60  4:51  Marine  
  60  4:52  SCV  
  65  4:56  SCV  
  65  4:59  Factory Reactor, Marine  
  67  5:04  SCV  
  66  5:08  SCV  
  67  5:14  Marine  
  67  5:16  SCV  
  67  5:17  Marine, Supply Depot  
  67  5:20  SCV  
  71  5:26  Combat Shield  
  71  5:27  Marauder, Marine  
  71  5:28  SCV  
  75  5:32  SCV  
  75  5:35  Terran Infantry Weapons Level 1  
  72  5:40  SCV, Supply Depot  
  72  5:41  Marine x2  
  72  5:42  Refinery  
  75  5:45  Marauder, Medivac  
  75  5:48  Marine  
  80  5:53  SCV, Medivac  
  83  5:59  Marine x2, SCV  
  86  6:06  Marauder, Marine  
  86  6:10  SCV  
  88  6:11  SCV  
  88  6:13  Command Center  
  88  6:17  Marine x2  
  91  6:20  Factory Reactor  
  91  6:21  Concussive Shells  
  91  6:22  SCV  
  91  6:23  SCV  
  91  6:24  Marauder  
  95  6:28  Marauder  
  97  6:34  SCV  
  97  6:35  Marine  
  97  6:36  SCV  
  97  6:39  Medivac  
  102  6:41  Supply Depot  
  102  6:43  Medivac  
  104  6:49  Marine x2  
  104  6:50  Marauder  
  106  6:55  Marine  
  99  7:01  Widow Mine  
  99  7:02  Widow Mine, SCV  
  99  7:03  SCV  
  99  7:07  Marauder, Marine  
  108  7:10  Marine  
Show
View Real Time Build Order
Export as new Build Order

ShoWTimE Protoss 

Build Orders: 1 Gate Expand, Oracle Opening 

Get SALT Encoding   

  12  0:00  Probe  
  13  0:12  Probe  
  14  0:17  Pylon  
  14  0:24  Probe  
  15  0:32  Probe  
  15  0:36  Gateway  
  15  0:40  Probe  
  16  0:46  Assimilator  
  17  0:51  Probe  
  18  1:03  Probe  
  19  1:15  Probe  
  20  1:25  Nexus  
  20  1:32  Nexus  
  20  1:42  Cybernetics Core  
  20  1:46  Probe  
  21  1:52  Assimilator  
  21  1:58  Probe  
  22  2:02  Pylon  
  22  2:10  Probe, Adept  
  23  2:22  Probe  
  26  2:26  Stargate  
  26  2:34  Probe  
  26  2:36  Adept  
  26  2:46  Probe x2  
  26  2:47  Warp Gate  
  30  2:54  Probe  
  31  2:58  Probe  
  31  3:03  Probe  
  32  3:06  Adept  
  32  3:10  Probe, Oracle  
  36  3:15  Probe  
  37  3:24  Probe  
  41  3:27  Probe  
  41  3:31  Pylon  
  42  3:36  Probe  
  42  3:39  Probe  
  42  3:40  Oracle  
  44  3:48  Probe  
  45  3:51  Probe  
  49  4:00  Probe  
  50  4:03  Probe, Gateway  
  50  4:06  Gateway  
  48  4:11  Gateway  
  48  4:12  Probe  
  48  4:15  Probe  
  48  4:17  Assimilator  
  49  4:19  Assimilator  
  49  4:23  Phoenix  
  51  4:24  Probe  
  51  4:27  Probe  
  51  4:28  Pylon  
  53  4:36  Probe  
  54  4:46  Probe, Nexus  
  54  4:50  Pylon  
  54  4:51  Probe  
  56  4:58  Probe  
  54  5:03  Probe  
  55  5:07  Adept  
  55  5:10  Probe  
  58  5:15  Probe, Robotics Facility  
  59  5:22  Probe  
  59  5:28  Probe  
  61  5:32  Sentry x2, Pylon  
  61  5:33  Sentry  
  61  5:34  Probe, Pylon  
  67  5:45  Forge, Twilight Council  
  67  5:49  Probe x2  
  69  5:57  Stalker  
  71  6:00  Probe  
  71  6:01  Immortal  
  76  6:15  Robotics Bay  
  76  6:16  Probe x2  
  76  6:17  Probe  
  79  6:26  Shield Battery  
  79  6:32  Stalker x2  
  83  6:36  Stalker  
  83  6:38  Probe x2  
  83  6:39  Probe  
  88  6:42  Observer  
  89  6:50  Probe  
  88  7:01  Gateway  
  86  7:03  Gateway  
  86  7:06  Gateway  
  86  7:07  Zealot, Shield Battery  
  94  7:08  Pylon  
  94  7:12  Zealot x2  
  96  7:22  Probe  
Tags
 
Add a new tag
Caveats
  • Supply blocks, unpowered buildings, or Contaminate may cause inaccurate times.
  • Supply counts are checked every 10 seconds.